 Dungeon Crawl Stone Soup version 0.30.0-29-ga12c61a403 (webtiles) character file.

Game seed: 16524363468178377495

274 qw the Chopper (level 6, 0/38 HPs)
             Began as a Gargoyle Fighter on June 5, 2023.
             Slain by a gnoll
             ... wielding a +1 spear of freezing
              (3 damage)
             ... on level 3 of the Dungeon.
             The game lasted 00:01:13 (2163 turns).

qw the Chopper (Gargoyle Fighter)                   Turns: 2163, Time: 00:01:13

Health: 0/38       AC: 15    Str: 21    XL:     6   Next: 24%
Magic:  6/6        EV:  7    Int:  9    God:
Gold:   122        SH:  4    Dex:  9    Spells: 5/5 levels left

rFire   . . .        Y - +1 war axe
rCold   . . .        c - +0 buckler
rNeg    + . .        k - +0 chain mail
rPois   inf          p - +0 helmet
rElec   +            (no cloak)
rCorr   +            (no gloves)
SInv    .            n - +0 pair of boots
Will    .....        (no amulet) Stlth
                     t - ring of resist corrosion
HPRegen 0.26/turn    (no ring)
MPRegen 0.10/turn

%: no passive effects
@: no status effects
A: sickness immunity, AC +4, negative energy resistance 1, electricity
resistance, torment resistance 1, petrification resistance
a: no special abilities


You were on level 3 of the Dungeon.
You visited 1 branch of the dungeon, and saw 3 of its levels.

You collected 122 gold pieces.


Innate Abilities, Weirdness & Mutations

You are immune to sickness and miasma.
Your stone body is resilient. (AC +4)
You are immune to poison.
You resist negative energy. (rN+)
You are resistant to electric shocks. (rElec)
You are resistant to unholy torment.
You are immune to petrification.


   Skills:
 + Level 3.7 Fighting
 - Level 5.6 Axes
 - Level 3.2 Armour
 - Level 3.2 Shields


You had 5 spell levels left.
You didn't know any spells.
Your spell library was empty.

Inventory:

Hand Weapons
 j - a +0 morningstar
 Y - a +1 war axe (weapon)
Missiles
 i - a boomerang (quivered)
Armour
 c - a +0 buckler (worn)
 f - a +2 ring mail of cold resistance
 k - a +0 chain mail (worn)
 n - a +0 pair of boots (worn)
 p - a +0 helmet (worn)
Jewellery
 t - a ring of resist corrosion (left hand)
Scrolls
 a - 2 scrolls of poison {unknown}
Potions
 d - 2 potions of might
 e - a potion of mutation {unknown}
 g - a potion of curing {unknown}
 l - a potion of flight {unknown}
 q - a potion of attraction
 s - a potion of brilliance {unknown}

Dungeon Overview and Level Annotations

Branches:
Dungeon (3/15)

Altars:


Message History

You kill the ball python!
You slash the gnoll! You barely miss the gnoll.
The gnoll hits you with a +0 spear. The gnoll hits you but does no damage.
The gnoll barely misses you.
You slash the gnoll!
You kill the gnoll!
You slash the gnoll! The gnoll hits you but does no damage.
The gnoll barely misses you. The gnoll hits you but does no damage.
The gnoll barely misses you.
You barely miss the gnoll.
The gnoll is severely wounded.
You completely miss the gnoll. The gnoll hits you but does no damage.
The gnoll closely misses you. You block the gnoll's attack.
You closely miss the gnoll.
The gnoll is severely wounded.
You barely miss the gnoll. The gnoll hits you but does no damage.
The gnoll hits you with a +0 whip.
The gnoll hits you from afar with a +1 spear of freezing.
The gnoll freezes you.
You hit the gnoll.
The gnoll is almost dead.
You barely miss the gnoll.
The gnoll hits you but does no damage. x6
You closely miss the gnoll.
The gnoll is almost dead.
You barely miss the gnoll.
The gnoll hits you but does no damage. x2; The gnoll closely misses you.
You closely miss the gnoll.
The gnoll is almost dead.
You slash the gnoll! The gnoll hits you with a +0 flail.
The gnoll hits you from afar with a +1 spear of freezing.
The gnoll freezes you.
You hit the gnoll.
You kill the gnoll!
You closely miss the gnoll. The gnoll barely misses you.
The gnoll hits you from afar with a +1 spear of freezing.
You die...

### ... ######
..####
#....##......
#............
#####....g)......
........#@.g.#...
##............#
####....##....#
..##....##....#
#.##...........
#.#...#....#...
#.#............
#.#............
##.#......#....


You could see 2 gnolls.

Vanquished Creatures
  An ogre (D:3)
  Terence (D:2)
  Robin (D:2)
  5 gnolls
  4 adders
  A worm (D:2)
  A dart slug (D:2)
  7 ball pythons
  4 endoplasms
  4 giant cockroaches
  12 goblins
  5 hobgoblins
  6 jackals
  2 quokkas (D:3)
  7 bats
  5 frilled lizards (D:1)
  3 kobolds
  7 rats
76 creatures vanquished.

Notes
Turn   | Place    | Note
-------+----------+-------------------------------------------
     0 | D:1      | qw the Gargoyle Fighter began the quest for the Orb.
     0 | D:1      | Reached XP level 1. HP: 14/14 MP: 1/1
     0 | D:1      | 0 ||| qw: Version: 0.2-a-108-gee2c290
     0 | D:1      | 0 ||| qw: Game counter: 1444
     0 | D:1      | 0 ||| qw: Always use a shield: true
     0 | D:1      | 0 ||| qw: God list: Okawaru
     0 | D:1      | 0 ||| qw: Allow faded altars: false
     0 | D:1      | 0 ||| qw: Do Orc after D:15 true
     0 | D:1      | 0 ||| qw: Do second Lair branch before Depths: true
     0 | D:1      | 0 ||| qw: Lair rune preference: random
     0 | D:1      | 0 ||| qw: Plans: Normal, Zot:1-4, Slime:5, God:TSO, Crypt,
                  | Tomb, Abyss, Pan, Hells, Win
     0 | D:1      | 0 ||| PLANNING D:1-11
    47 | D:1      | Reached skill level 2 in Axes
    82 | D:1      | 82 ||| Stepping ~*~*~tactically~*~*~ (stealth).
    90 | D:1      | 90 ||| Stepping ~*~*~tactically~*~*~ (stealth).
   120 | D:1      | 120 ||| Stepping ~*~*~tactically~*~*~ (stealth).
   121 | D:1      | 121 ||| Stepping ~*~*~tactically~*~*~ (stealth).
   129 | D:1      | Reached XP level 2. HP: 19/19 MP: 2/2
   137 | D:1      | Found a faded altar of an unknown god.
   275 | D:1      | 275 ||| Stepping ~*~*~tactically~*~*~ (stealth).
   439 | D:1      | Reached skill level 3 in Axes
   446 | D:1      | Reached XP level 3. HP: 14/23 MP: 3/3
   545 | D:1      | 545 ||| Stepping ~*~*~tactically~*~*~ (stealth).
   548 | D:1      | 548 ||| Stepping ~*~*~tactically~*~*~ (stealth).
   550 | D:1      | 550 ||| Stepping ~*~*~tactically~*~*~ (stealth).
   554 | D:1      | 554 ||| Stepping ~*~*~tactically~*~*~ (stealth).
   777 | D:1      | 777 ||| DROPPING amulet of magic regeneration.
   778 | D:1      | 778 ||| DROPPING ring of magical power.
   818 | D:2      | Noticed Terence
   828 | D:2      | HP: 1/23 [Terence/+0 morningstar (9)]
   831 | D:2      | Killed Terence
   832 | D:2      | Reached XP level 4. HP: 2/28 MP: 4/4
   942 | D:2      | 942 ||| DROPPING +0 club.
   962 | D:2      | Reached skill level 4 in Axes
  1019 | D:2      | 1019 ||| Stepping ~*~*~tactically~*~*~ (stealth).
  1020 | D:2      | 1020 ||| Stepping ~*~*~tactically~*~*~ (stealth).
  1033 | D:2      | 1033 ||| Stepping ~*~*~tactically~*~*~ (hiding).
  1035 | D:2      | 1035 ||| Stepping ~*~*~tactically~*~*~ (hiding).
  1166 | D:2      | 1166 ||| Stepping ~*~*~tactically~*~*~ (hiding).
  1179 | D:2      | HP: 7/28 [gnoll/+0 whip (2)]
  1272 | D:2      | 1272 ||| DROPPING +1 hand axe of electrocution.
  1277 | D:2      | Reached XP level 5. HP: 32/32 MP: 5/5
  1455 | D:2      | Noticed Robin
  1470 | D:2      | Killed Robin
  1797 | D:2      | 1797 ||| UPGRADING to +2 ring mail of cold resistance.
  1807 | D:2      | 1807 ||| DROPPING +0 scale mail.
  1808 | D:2      | 1808 ||| UPGRADING to +0 chain mail.
  1818 | D:2      | 1818 ||| UPGRADING to +0 pair of boots.
  1823 | D:2      | 1823 ||| UPGRADING to +0 helmet.
  1828 | D:2      | 1828 ||| UPGRADING to ring of resist corrosion.
  1829 | D:2      | 1829 ||| READING scroll labelled NACIHE OLYMAXALL.
  1830 | D:2      | 1830 ||| READING scroll labelled KIEDE NUUVIONIGG.
  1831 | D:2      | 1831 ||| READING scroll labelled SAH MOK QAYBO.
  1832 | D:2      | 1832 ||| READING scroll labelled SURUMU OKOAT.
  1833 | D:2      | 1833 ||| DRINKING 2 inky potions.
  1891 | D:3      | 1891 ||| Stepping ~*~*~tactically~*~*~ (stealth).
  1908 | D:3      | Noticed an ogre
  1917 | D:3      | Killed an ogre
  1918 | D:3      | Reached skill level 5 in Axes
  1918 | D:3      | Reached XP level 6. HP: 30/37 MP: 6/6
  2125 | D:3      | 2125 ||| Stepping ~*~*~tactically~*~*~ (stealth).
  2126 | D:3      | 2126 ||| Stepping ~*~*~tactically~*~*~ (stealth).
  2162 | D:3      | HP: 6/38 [gnoll/+1 spear of freezing (5)]
  2163 | D:3      | Slain by a gnoll

Levels and vault maps discovered:
D:1:      saegor_arrival_simple_d, layout_basic, serial_glass, glass_columns_b,
          glass_columns_a, shapermc_ecumenical_altar_pompeii
D:2:      layout_loops_ring, minmay_crystal_room, uniq_robin, uniq_terence
D:3:      layout_loops_ring, grunt_decor_fettered, skrybe_limestone_x

Skill      XL: |  1  2  3  4  5 |
---------------+----------------+-----
Axes           | 2 3 4 5 |  5.6
Fighting       | |  3.7
Armour         | |  3.2
Shields        | |  3.2

Action                     |  1- 3 |  4- 6 || total
---------------------------+-------+-------++-------
  Melee: War axe           |    83 |   111 ||   194
  Throw: Boomerang         |     8 |    23 ||    31
    Use: Scroll            |       |     4 ||     4
         Potion            |       |     1 ||     1
 Armour: Scale mail        |    43 |    33 ||    76
         Chain mail        |       |    29 ||    29
  Dodge: Dodged            |    34 |    52 ||    86
  Block: Buckler           |    20 |    29 ||    49

Table legend:
 A = Non-vault XP
 B = Vault XP
 C = Vault XP percentage of total XP
 D = Non-vault monster count
 E = Vault monster count
 F = Vault count percentage of total count
                 A         B        C        D         E       F
            +---------+---------+-------+---------+---------+-------
      Total |     346 |      61 |  15.0 |      68 |       8 |  10.5
            +---------+---------+-------+---------+---------+-------
        D:1 |      48 |       0 |   0.0 |      31 |       0 |   0.0
        D:2 |     109 |      61 |  35.9 |      24 |       8 |  25.0
        D:3 |     189 |       0 |   0.0 |      13 |       0 |   0.0
            +---------+---------+-------+---------+---------+-------
